 Dungeon Crawl Stone Soup version 0.25.0-8-gfd19cd77bd (console) character file.

Game seed: 12792805081586579505

44 Kagalorn the Insei (level 3, 0/20 HPs)
             Began as a Kobold Transmuter on June 16, 2020.
             Succumbed to an adder's poison
             ... on level 2 of the Dungeon.
             The game lasted 00:02:51 (1434 turns).

Kagalorn the Insei (Kobold Transmuter)              Turns: 1434, Time: 00:02:52

Health: 0/20       AC:  2    Str:  8    XL:     3   Next: 87%
Magic:  6/6        EV: 15    Int: 14    God:
Gold:   63         SH:  0    Dex: 15    Spells: 5/6 levels left

rFire    . . .     SeeInvis .     - Unarmed
rCold    . . .     Gourm    .   (shield restricted)
rNeg     . . .     Faith    .   b - +0 robe
rPois    .         Spirit   .   (no helmet)
rElec    .         Reflect  .   (no cloak)
rCorr    +         Harm     .   (no gloves)
MR       .....                  (no boots)
Stlth    +.........             (no amulet)
HPRegen  0.06/turn              k - ring of resist corrosion
MPRegen  0.10/turn              (no ring)

@: lethally poisoned (0 -> -5)
A: small, claws 1, carnivore, wild magic 1
a: no special abilities


You were on level 2 of the Dungeon.
You were very hungry.

You visited 1 branch of the dungeon, and saw 2 of its levels.

You collected 63 gold pieces.

Inventory:

Missiles
 a - 47 arrows
 c - 51 stones (quivered)
 h - 26 bolts
Armour
 b - a +0 robe (worn)
Jewellery
 k - a ring of resist corrosion (left claw)
Scrolls
 e - a scroll of teleportation
 f - a scroll of immolation {unknown}
 i - a scroll of identify {unknown}
 j - a scroll of magic mapping {unknown}
Comestibles
 d - 3 rations


   Skills:
 - Level 1.1 Fighting
 - Level 2.4 Dodging
 * Level 4.1 Unarmed Combat
 - Level 2.1 Spellcasting
 + Level 2.7 Transmutations


You had 5 spell levels left.
You knew the following spells:

 Your Spells              Type           Power        Failure   Level  Hunger
a - Beastly Appendage     Tmut           ##....       12%         1    #......

Your spell library contained the following spells:

 Spells                   Type           Power        Failure   Level  Hunger
 Sticks to Snakes         Tmut           ##......     17%         2    ###....
 Spider Form              Tmut/Pois      #.........   47%         3    ###....
 Ice Form                 Ice/Tmut       #.......     86%         4    #####..
 Blade Hands              Tmut           ##........   95%         5    ######.


Dungeon Overview and Level Annotations

Branches:
Dungeon (2/15)

Altars:


Innate Abilities, Weirdness & Mutations

You are small and have problems with some larger weapons.
You are carnivorous and can eat meat at any time.
You have sharp fingernails.
Your spells are a little harder to cast, but a little more powerful.


Message History

You miss the adder.
The adder is severely wounded.
The adder bites you.
* * * LOW HITPOINT WARNING * * *
It was a potion of mutation.
You feel extremely strange.
Your fingernails lengthen.
You feel less in control of your magic. The adder completely misses you.
The adder barely misses you.
You aren't carrying any potions.
You scratch the adder.
You kill the adder!
Your Unarmed Combat skill increases to level 4!
* * * LOW HITPOINT WARNING * * *
You feel sick.
As you read the scroll labeled SAN UBACKEPTIO, it crumbles to dust.
You feel strangely unstable.
It was a scroll of teleportation.
You see here an adder corpse.
You butcher the adder corpse.
Your horns disappear.
Your surroundings suddenly seem different.
You die...

### ..#
# #.#
#l##.#.#
#.....@#
######.#
..# ####


You could see a frilled lizard (asleep).

Vanquished Creatures
  An adder (D:2)
  A dart slug (D:1)
  2 leopard geckos (D:1)
  5 bats (D:1)
  A giant cockroach (D:1)
  5 goblins (D:1)
  4 hobgoblins
  3 jackals (D:1)
  2 kobolds (D:1)
  3 rats
27 creatures vanquished.

Notes
Turn   | Place    | Note
-------+----------+-------------------------------------------
     0 | D:1      | Kagalorn the Kobold Transmuter began the quest for the Orb.
     0 | D:1      | Reached XP level 1. HP: 12/12 MP: 3/3
   352 | D:1      | Reached XP level 2. HP: 16/16 MP: 3/5
   872 | D:1      | Reached XP level 3. HP: 19/20 MP: 4/6
  1430 | D:2      | Gained mutation: You have sharp fingernails. [potion of
                  | mutation]
  1430 | D:2      | Gained mutation: Your spells are a little harder to cast,
                  | but a little more powerful. [potion of mutation]
  1431 | D:2      | Reached skill level 4 in Unarmed Combat
  1431 | D:2      | HP: 1/20 [poisoned by an adder]
  1434 | D:2      | Succumbed to an adder's poison

Illustrated notes

Levels and vault maps discovered:
D:1:      dpeg_arrival_rooms_b, layout_basic, minmay_heptomino_w4
D:2:      layout_basic, old_standard_altar, uniq_sigmund

Skill      XL: |  1  2  3 |
---------------+----------+-----
Unarmed Combat | 4 |  4.1
Fighting       | |  1.1
Dodging        | |  2.4
Spellcasting   | |  2.1
Transmutations | |  2.7

Action                   || total
-------------------------++-------
Melee: Unarmed           ||   104
       Headbutt          ||     6
       Kick              ||     5
 Cast: Beastly Appendage ||    14
  Use: Scroll            ||     1
       Potion            ||     1
 Stab: Sleeping          ||     1
  Eat: Chunk             ||     1
Armor: Robe              ||    18
Dodge: Dodged            ||    93
